Map: Ley Lines

Players

kitune - Winner!

  • Race: Zerg Zerg
  • Spawn Location: 1:00

frugs

  • Race: Terran Terran
  • Spawn Location: 7:00

VOD

Have the link to the VOD?

Description

Time

  • Played on: May 14, 2025, 6:25 p.m.
  • Length: 2:31
Show
View Real Time Build Order
Export as new Build Order

kitune Zerg - Winner!

Build Orders: Pool First 

Get SALT Encoding   

  12  0:01  Drone  
  13  0:13  Overlord  
  13  0:16  Drone  
  14  0:31  Drone x2  
  16  0:41  Spawning Pool  
  15  0:45  Drone  
  15  0:49  Drone  
  17  1:10  Hatchery  
  16  1:13  Drone  
  16  1:15  Extractor  
  16  1:28  Zergling x4  
  16  1:29  Zergling x2  
  19  1:36  Queen  
  21  1:43  Drone  
  22  1:50  Overlord  
  22  2:11  Drone x2  
Show
View Real Time Build Order
Export as new Build Order

frugs Terran 

Build Orders: 2 Factory 

Get SALT Encoding   

  12  0:00  SCV  
  13  0:12  SCV  
  14  0:16  Supply Depot  
  14  0:24  SCV  
  15  0:38  SCV, Refinery  
  16  0:46  Barracks  
  16  0:51  SCV  
  17  1:03  SCV  
  18  1:15  SCV  
  19  1:32  Orbital Command  
  19  1:41  Factory  
  19  1:47  Command Center  
  19  1:53  Factory  
  19  2:00  Supply Depot  
  20  2:01  SCV  
  20  2:07  Barracks Reactor  
  20  2:13  SCV, Refinery  
Tags
 
Add a new tag
Caveats
  • Supply blocks, unpowered buildings, or Contaminate may cause inaccurate times.
  • Supply counts are checked every 10 seconds.